Senators vs Sharks

Created - Tuesday, January 27, 2015 at 23:51

Goals
1 2 3 T
Senators 2 1 4 7
Sharks 0 1 0 1
Shots
1 2 3 T
Senators 7 3 9 19
Sharks 4 5 22 31

1st period

1. Senators , Colton Orr 23 (Korbinian Holzer, Martin St. Pierre) at 9:28
2. Senators , Kyle Chipchura 2 (Emerson Etem) at 13:32 (SH)

Penalties :
Alexandre Bolduc (WOR) for Fighting (Major) at 0:21, Mike Brown (BIN) for Fighting (Major) at 0:21, Michael Latta (WOR) for Fighting (Major) at 11:51, Colton Orr (BIN) for Fighting (Major) at 11:51, Mike Brown (BIN) for Hooking (Minor) at 13:17

2nd period

3. Sharks , Michael Latta 5 (David van der Gulik, Alex Petrovic) at 1:42
4. Senators , Emerson Etem 13 (Mike Brown, Kyle Chipchura) at 12:54 (PP)

Penalties :
Nicolas Deslauriers (WOR) for Fighting (Major) at 1:14, Colton Orr (BIN) for Fighting (Major) at 1:14, Dominik Uher (WOR) for Tripping (Minor) at 3:34, Mike Halmo (WOR) for Hooking (Minor) at 6:57, Louis Leblanc (WOR) for Hooking (Minor) at 11:30

3rd period

5. Senators , Colton Orr 24 (Josh Leivo, Martin St. Pierre) at 8:25
6. Senators , Greg Nemisz 1 (Daine Todd) at 8:43
7. Senators , Emerson Etem 14 (Kyle Chipchura, Korbinian Holzer) at 14:08 (SH)
8. Senators , Kyle Chipchura 3 (Emerson Etem) at 14:42 (SH)

Penalties :
Greg Pateryn (BIN) for Holding (Minor) at 4:51, Alex Petrovic (WOR) for Hooking (Minor) at 11:31, Steve Eminger (BIN) for High sticking (Minor) at 13:20, Michael Latta (WOR) for Fighting (Major) at 15:59, Korbinian Holzer (BIN) for Fighting (Major) at 15:59

Goalie Stats

Jean-Francois Berube (BIN), 30 saves from 31 shots - (0.968), W, 28-10-8, 60:00 minutes
Farm Player83 (WOR), 12 saves from 16 shots - (0.750), L, 0-3-0, 48:25 minutes
Farm Player95 (WOR), 0 saves from 3 shots - (0.000), 11:35 minutes

Players Stats for Senators

Player Name              G  A  P  +/- PIM S  H  SB GA TA FO     MP     PP MP  PK MP  
------------------------------------------------------------------------------------
Andrew MacWilliam        0  0  0   2  0   0  1  1  0  2  0/0    14:11   0:35   0:12 
Colton Orr               2  0  2   2  10  2  3  0  5  0  0/2    16:25   2:24   0:09 
Daine Todd               0  1  1   0  0   1  4  0  0  0  5/11   17:32   0:57   0:00 
David Broll              0  0  0   1  0   0  0  0  1  0  0/1    15:35   0:00   0:18 
Emerson Etem             2  2  4   3  0   4  1  0  9  1  0/8    23:40   3:45   4:52 
Evan Trupp               0  0  0   0  0   0  0  1  1  0  2/4     6:16   0:00   0:00 
Greg Nemisz              1  0  1   1  0   1  0  0  6  1  0/1    15:14   0:04   0:00 
Greg Pateryn             0  0  0   3  2   2  1  4  0  1  0/0    26:54   2:42   2:41 
Jesse Blacker            0  0  0   1  0   3  0  0  1  3  0/0    24:34   2:42   2:25 
Joe Finley               0  0  0   0  0   0  0  0  0  0  0/0     0:00   0:00   0:00 
Josh Leivo               0  1  1   1  0   1  2  0  5  1  0/0    18:31   3:25   0:00 
Kenny Ryan               0  0  0   0  0   0  0  0  0  0  0/0     0:00   0:00   0:00 
Korbinian Holzer         0  2  2   3  5   0  4  3  0  1  0/0    24:35   4:28   4:22 
Kyle Chipchura           2  2  4   3  0   3  2  0  2  0  5/15   18:47   3:45   4:55 
Martin St. Pierre        0  2  2   1  0   2  1  0  2  0  9/13   18:40   3:25   0:09 
Mike Brown               0  1  1   0  7   0  2  1  2  1  0/0    13:39   3:45   0:09 
Steve Eminger            0  0  0   1  2   0  3  1  1  1  0/0    30:25   3:52   1:54 
Tyler Biggs              0  0  0   0  0   0  1  0  0  0  0/0     8:53   0:00   1:02 

Players Stats for Sharks

Player Name              G  A  P  +/- PIM S  H  SB GA TA FO     MP     PP MP  PK MP  
------------------------------------------------------------------------------------
Alex Petrovic            0  1  1   0  2   0  1  0  0  0  0/0    16:52   0:52   0:00 
Alexandre Bolduc         0  0  0  -2  5   1  4  0  2  2  9/11   16:49   3:00   1:34 
Andy Andreoff            0  0  0   0  0   0  0  0  0  0  0/0     0:00   0:00   0:00 
Brendan Mikkelson        0  0  0  -4  0   3  1  1  1  5  0/0    28:05   3:47   4:13 
David van der Gulik      0  1  1   1  0   3  1  0  2  1  0/0    11:54   0:00   1:32 
Dominik Uher             0  0  0   0  2   1  3  0  0  1  9/12   13:54   0:00   0:00 
J.C. Lipon               0  0  0  -4  0   2  1  0  1  0  0/1    17:36   2:32   0:00 
Joey Mormina             0  0  0  -2  0   0  0  2  0  0  0/0    15:25   0:38   1:42 
John Kurtz               0  0  0   0  0   0  0  0  0  0  0/0     0:00   0:00   0:00 
Louis Leblanc            0  0  0  -2  2   3  2  0  0  0  0/0    14:45   3:00   0:00 
Mark Barberio            0  0  0  -3  0   2  1  0  2  2  0/0    22:58   2:32   3:29 
Mark McNeill             0  0  0  -4  0   1  0  1  0  0  11/17  19:16   2:32   0:53 
Michael Latta            1  0  1   1  10  2  2  0  2  1  4/5    13:10   0:00   0:00 
Mike Halmo               0  0  0   0  2   1  0  1  4  1  0/1    11:03   0:00   0:00 
Nicolas Deslauriers      0  0  0  -1  5   1  2  0  1  2  0/0    22:16   2:00   1:59 
Patrick McNeill          0  0  0   0  0   0  0  1  0  3  0/0    19:45   2:00   2:57 
Richard Panik            0  0  0  -1  0   6  1  0  6  0  1/8    25:44   3:15   5:04 
Tye McGinn               0  0  0  -4  0   5  0  0  3  0  0/0    22:55   2:47   5:17 

3 Stars

1 - Kyle Chipchura (BIN)
2 - Emerson Etem (BIN)
3 - Jean-Francois Berube (BIN)

Power Play

Senators - 1 on 4 Attempt(s) - 25.00%
Sharks - 0 on 3 Attempt(s) - 0.00%

Penalty Kill

Senators - 3 on 3 Attempt(s) - 100.00% - Score 3 goal in Penalty Kill
Sharks - 3 on 4 Attempt(s) - 75.00% - Score 0 goal in Penalty Kill

Team Stat

Senators - Hits : 25 - Faceoff Wins : 21 - Blocked Shots : 11 - Penalty Minutes : 26
Sharks - Hits : 19 - Faceoff Wins : 34 - Blocked Shots : 6 - Penalty Minutes : 28

Official

Referees : Unknown
Linesman : Unknown

Game Notes

Alexandre Bolduc and Mike Brown fight to a draw at 0:21 of 1st period
Colton Orr beats up Michael Latta at 11:51 of 1st period
Nicolas Deslauriers beats up Colton Orr at 1:14 of 2nd period
Farm Player95 enters game at 8:25 of 3rd period
Mark Barberio is injured at 12:36 of 3rd period (Sprained Right Knee)
Michael Latta beats up Korbinian Holzer at 15:59 of 3rd period

Finance

Level 1 -- Attendance: 1485 (74.25%) -- Ticket Income $51,975
Level 2 -- Attendance: 685 (68.50%) -- Ticket Income $10,275
Total Attendance: 2170 (72.33%)
Total Ticket Income: $62,250
Other Income: $30,502
Total Income: $92,752

Senators

5 vs 5 Forward 
   Center                   Left Wing                Right Wing               Time % Phy DF OF 
 1 Kyle Chipchura           Emerson Etem             Mike Brown               35     1   2  2  
 2 Martin St. Pierre        Josh Leivo               Colton Orr               30     1   2  2  
 3 Daine Todd               David Broll              Greg Nemisz              22     1   2  2  
 4 Evan Trupp               Emerson Etem             Tyler Biggs              13     1   2  2  

5 vs 5 Defense 
   Defense                  Defense                                           Time % Phy DF OF 
 1 Steve Eminger            Korbinian Holzer                                  35     1   2  2  
 2 Greg Pateryn             Jesse Blacker                                     30     1   2  2  
 3 Andrew MacWilliam        Steve Eminger                                     22     1   2  2  
 4 Steve Eminger            Korbinian Holzer                                  13     1   2  2  

PowerPlay Forward 
   Center                   Left Wing                Right Wing               Time % Phy DF OF 
 1 Kyle Chipchura           Emerson Etem             Mike Brown               60     1   2  2  
 2 Martin St. Pierre        Josh Leivo               Colton Orr               40     1   2  2  

PowerPlay Defense
   Defense                  Defense                                           Time % Phy DF OF 
 1 Steve Eminger            Korbinian Holzer                                  60     1   2  2  
 2 Greg Pateryn             Jesse Blacker                                     40     1   2  2  

Penalty Kill 4 Players Forward 
   Center                   Wing                     Time % Phy DF OF 
 1 Emerson Etem             Kyle Chipchura           60     1   2  2  
 2 Mike Brown               Colton Orr               40     1   2  2  

Penalty Kill 4 Players Defense
   Defense                  Defense                  Time % Phy DF OF 
 1 Steve Eminger            Korbinian Holzer         60     1   2  2  
 2 Greg Pateryn             Jesse Blacker            40     1   2  2  

Penalty Kill - 3 Players Forward 
   Forward                                           Time % Phy DF OF 
 1 Emerson Etem                                      60     1   2  2  
 2 Kyle Chipchura                                    40     1   2  2  

Penalty Kill - 3 Players Defense
   Defense                  Defense                  Time % Phy DF OF 
 1 Steve Eminger            Korbinian Holzer         60     1   2  2  
 2 Greg Pateryn             Jesse Blacker            40     1   2  2  

4 vs 4 Forward 
   Center                   Wing                     Time % Phy DF OF 
 1 Emerson Etem             Kyle Chipchura           60     1   2  2  
 2 Mike Brown               Colton Orr               40     1   2  2  

4 vs 4 Defense
   Defense                  Defense                  Time % Phy DF OF 
 1 Steve Eminger            Korbinian Holzer         60     1   2  2  
 2 Greg Pateryn             Jesse Blacker            40     1   2  2  

Last Minutes Offensive
   Center                   Left Wing                Right Wing               Defense                  Defense                  
   Kyle Chipchura           Emerson Etem             Mike Brown               Steve Eminger            Korbinian Holzer         

Last Minutes Defensive
   Center                   Left Wing                Right Wing               Defense                  Defense                  
   Kyle Chipchura           Emerson Etem             Mike Brown               Steve Eminger            Korbinian Holzer         

Goaltenders
Starting : Jean-Francois Berube     
Backup : Cedrick Desjardins       

Extra Forwards
Normal : Daine Todd, Greg Nemisz, Tyler Biggs - PP : Daine Todd, Greg Nemisz - PK : Tyler Biggs
Extra Defensemen
Normal : Andrew MacWilliam, Steve Eminger, Greg Pateryn - PP : Andrew MacWilliam - PK : Steve Eminger, Greg Pateryn
Penalty Shots
Emerson Etem, Kyle Chipchura, Mike Brown, Colton Orr, Josh Leivo

Sharks

5 vs 5 Forward 
   Center                   Left Wing                Right Wing               Time % Phy DF OF 
 1 Alexandre Bolduc         Richard Panik            Louis Leblanc            35     1   2  2  
 2 Mark McNeill             Tye McGinn               J.C. Lipon               30     1   2  2  
 3 Michael Latta            David van der Gulik      Richard Panik            22     1   2  2  
 4 Dominik Uher             Mike Halmo               Nicolas Deslauriers      13     1   2  2  

5 vs 5 Defense 
   Defense                  Defense                                           Time % Phy DF OF 
 1 Brendan Mikkelson        Mark Barberio                                     35     1   2  2  
 2 Nicolas Deslauriers      Patrick McNeill                                   30     1   2  2  
 3 Alex Petrovic            Joey Mormina                                      22     1   2  2  
 4 Brendan Mikkelson        Mark Barberio                                     13     1   2  2  

PowerPlay Forward 
   Center                   Left Wing                Right Wing               Time % Phy DF OF 
 1 Alexandre Bolduc         Richard Panik            Louis Leblanc            60     1   2  2  
 2 Mark McNeill             Tye McGinn               J.C. Lipon               40     1   2  2  

PowerPlay Defense
   Defense                  Defense                                           Time % Phy DF OF 
 1 Brendan Mikkelson        Mark Barberio                                     60     1   2  2  
 2 Nicolas Deslauriers      Patrick McNeill                                   40     1   2  2  

Penalty Kill 4 Players Forward 
   Center                   Wing                     Time % Phy DF OF 
 1 Richard Panik            Tye McGinn               60     1   2  2  
 2 Alexandre Bolduc         Mark McNeill             40     1   2  2  

Penalty Kill 4 Players Defense
   Defense                  Defense                  Time % Phy DF OF 
 1 Brendan Mikkelson        Mark Barberio            60     1   2  2  
 2 Nicolas Deslauriers      Patrick McNeill          40     1   2  2  

Penalty Kill - 3 Players Forward 
   Forward                                           Time % Phy DF OF 
 1 Richard Panik                                     60     1   2  2  
 2 Tye McGinn                                        40     1   2  2  

Penalty Kill - 3 Players Defense
   Defense                  Defense                  Time % Phy DF OF 
 1 Brendan Mikkelson        Mark Barberio            60     1   2  2  
 2 Nicolas Deslauriers      Patrick McNeill          40     1   2  2  

4 vs 4 Forward 
   Center                   Wing                     Time % Phy DF OF 
 1 Richard Panik            Tye McGinn               60     1   2  2  
 2 Alexandre Bolduc         Mark McNeill             40     1   2  2  

4 vs 4 Defense
   Defense                  Defense                  Time % Phy DF OF 
 1 Brendan Mikkelson        Mark Barberio            60     1   2  2  
 2 Nicolas Deslauriers      Patrick McNeill          40     1   2  2  

Last Minutes Offensive
   Center                   Left Wing                Right Wing               Defense                  Defense                  
   Alexandre Bolduc         Richard Panik            Louis Leblanc            Brendan Mikkelson        Mark Barberio            

Last Minutes Defensive
   Center                   Left Wing                Right Wing               Defense                  Defense                  
   Alexandre Bolduc         Richard Panik            Louis Leblanc            Brendan Mikkelson        Mark Barberio            

Goaltenders
Starting : Farm Player83            
Backup : Farm Player95            

Extra Forwards
Normal : Michael Latta, Dominik Uher, David van der Gulik - PP : Michael Latta, Dominik Uher - PK : David van der Gulik
Extra Defensemen
Normal : Alex Petrovic, Joey Mormina, Patrick McNeill - PP : Alex Petrovic - PK : Joey Mormina, Patrick McNeill
Penalty Shots
Richard Panik, Nicolas Deslauriers, Tye McGinn, Alexandre Bolduc, Mark McNeill

% Time on Ice - Senators

Lines # - Real PCT - Wanted PCT - Time Play
Normal Forward
1 - 21% - 35% - 9:57
2 - 35% - 30% - 16:19
3 - 31% - 22% - 14:20
4 - 13% - 13% - 6:16
Normal Defense
1 - 31% - 35% - 14:36
2 - 41% - 30% - 19:17
3 - 22% - 22% - 10:10
4 - 6% - 13% - 2:49
PP Forward
1 - 52% - 60% - 3:45
2 - 48% - 40% - 3:26
PP Defense
1 - 62% - 60% - 4:28
2 - 38% - 40% - 2:43
PK Forward
1 - 92% - 60% - 5:20
2 - 8% - 40% - 0:27
PK Defense
1 - 58% - 60% - 3:22
2 - 42% - 40% - 2:25
PK3 Forward
1 - 0% - 60%
2 - 0% - 40%
PK3 Defense
1 - 0% - 60%
2 - 0% - 40%
44 Forward
1 - 100% - 60% - 0:10
2 - 0% - 40% - 0:00
44 Defense
1 - 0% - 60% - 0:00
2 - 100% - 40% - 0:10
Last Minute Offensive  - 0:00
Last Minute Defensive  - 0:00
Total
Forward - 60:00
Defense - 60:00

% Time on Ice - Sharks

Lines # - Real PCT - Wanted PCT - Time Play
Normal Forward
1 - 26% - 35% - 12:11
2 - 34% - 30% - 15:51
3 - 18% - 22% - 8:14
4 - 23% - 13% - 10:36
Normal Defense
1 - 34% - 35% - 15:45
2 - 32% - 30% - 14:48
3 - 27% - 22% - 12:33
4 - 8% - 13% - 3:46
PP Forward
1 - 56% - 60% - 3:15
2 - 44% - 40% - 2:32
PP Defense
1 - 65% - 60% - 3:47
2 - 35% - 40% - 2:00
PK Forward
1 - 88% - 60% - 6:18
2 - 12% - 40% - 0:53
PK Defense
1 - 59% - 60% - 4:14
2 - 41% - 40% - 2:57
PK3 Forward
1 - 0% - 60%
2 - 0% - 40%
PK3 Defense
1 - 0% - 60%
2 - 0% - 40%
44 Forward
1 - 100% - 60% - 0:10
2 - 0% - 40% - 0:00
44 Defense
1 - 100% - 60% - 0:10
2 - 0% - 40% - 0:00
Last Minute Offensive  - 0:00
Last Minute Defensive  - 0:00
Total
Forward - 60:00
Defense - 60:00

Play by Play

1st period


0:01 of 1st period - Kyle Chipchura wins face-off versus Alexandre Bolduc in neutral zone.
0:21 of 1st period - Alexandre Bolduc and Mike Brown fight to a draw.
0:21 of 1st period - Penalty to Alexandre Bolduc for Fighting.
0:21 of 1st period - Penalty to Mike Brown for Fighting.
0:22 of 1st period - Martin St. Pierre wins face-off versus Mark McNeill in Sharks zone.
1:51 of 1st period - Mike Halmo is hit by Kyle Chipchura.
2:33 of 1st period - Off-side.
2:34 of 1st period - Michael Latta wins face-off versus Martin St. Pierre in neutral zone.
3:54 of 1st period - Snap shot by Greg Pateryn.
3:54 of 1st period - Stopped by Farm Player83 with a rebound.
3:56 of 1st period - Slapshot by Jesse Blacker.
3:56 of 1st period - Deflect By David Broll.
3:56 of 1st period - Shot Blocked by Mike Halmo.
3:56 of 1st period - Puck is out of play.
3:57 of 1st period - Dominik Uher wins face-off versus Emerson Etem in Sharks zone.
3:57 of 1st period - Dominik Uher is hit by Steve Eminger.
4:07 of 1st period - Icing by Mike Halmo.
4:08 of 1st period - Dominik Uher wins face-off versus Evan Trupp in Sharks zone.
4:08 of 1st period - Dominik Uher is hit by Andrew MacWilliam.
4:14 of 1st period - Snap shot by Emerson Etem.
4:14 of 1st period - Stopped by Farm Player83 without a rebound.
4:15 of 1st period - Evan Trupp wins face-off versus Mark McNeill in Sharks zone.
4:28 of 1st period - Wrist shot by Tye McGinn.
4:28 of 1st period - Deflect By J.C. Lipon.
4:28 of 1st period - Shot Blocked by Andrew MacWilliam.
4:28 of 1st period - Puck is out of play.
4:29 of 1st period - Mark McNeill wins face-off versus Kyle Chipchura in Senators zone.
4:32 of 1st period - Snap shot by Tye McGinn.
4:32 of 1st period - Shot Misses the Net.
6:10 of 1st period - Korbinian Holzer is hit by Dominik Uher and loses puck.
6:24 of 1st period - Martin St. Pierre is hit by Nicolas Deslauriers.
6:41 of 1st period - Steve Eminger is hit by David van der Gulik and loses puck.
7:10 of 1st period - Wrist shot by Tye McGinn.
7:10 of 1st period - Shot Blocked by Evan Trupp.
7:16 of 1st period - Slapshot by J.C. Lipon.
7:16 of 1st period - Shot Misses the Net.
7:52 of 1st period - Snap shot by Mike Halmo.
7:52 of 1st period - Shot Blocked by Greg Pateryn.
8:16 of 1st period - Slapshot by J.C. Lipon.
8:16 of 1st period - Shot Blocked by Korbinian Holzer.
8:22 of 1st period - Tye McGinn is hit by Korbinian Holzer.
8:42 of 1st period - Mike Brown is hit by Richard Panik and loses puck.
9:28 of 1st period - Slapshot by Colton Orr.
9:28 of 1st period - Goal by Colton Orr - Senators : 1 - Sharks : 0.
9:29 of 1st period - Alexandre Bolduc wins face-off versus Emerson Etem in neutral zone.
9:41 of 1st period - Snap shot by Emerson Etem.
9:41 of 1st period - Shot Misses the Net.
10:05 of 1st period - Mark Barberio is hit by Daine Todd.
10:26 of 1st period - Icing by Greg Pateryn.
10:27 of 1st period - Dominik Uher wins face-off versus Colton Orr in Senators zone.
10:28 of 1st period - Wrist shot by Mike Halmo.
10:28 of 1st period - Shot Misses the Net.
10:33 of 1st period - Icing by Greg Pateryn.
10:34 of 1st period - Martin St. Pierre wins face-off versus Dominik Uher in Senators zone.
10:50 of 1st period - Slapshot by Mike Halmo.
10:50 of 1st period - Stopped by Jean-Francois Berube without a rebound.
10:51 of 1st period - Mark McNeill wins face-off versus Kyle Chipchura in Senators zone.
10:56 of 1st period - Snap shot by J.C. Lipon.
10:56 of 1st period - Stopped by Jean-Francois Berube without a rebound.
10:57 of 1st period - Mark McNeill wins face-off versus Kyle Chipchura in Senators zone.
11:20 of 1st period - Wrist shot by Mark McNeill.
11:20 of 1st period - Shot Misses the Net.
11:22 of 1st period - Snap shot by Mark Barberio.
11:22 of 1st period - Shot Blocked by Mike Brown.
11:24 of 1st period - Wrist shot by Tye McGinn.
11:24 of 1st period - Deflect By Steve Eminger.
11:24 of 1st period - Shot Blocked by Steve Eminger.
11:24 of 1st period - Puck is out of play.
11:25 of 1st period - Michael Latta wins face-off versus Colton Orr in Senators zone.
11:51 of 1st period - Colton Orr beats up Michael Latta.
11:51 of 1st period - Penalty to Michael Latta for Fighting.
11:51 of 1st period - Penalty to Colton Orr for Fighting.
11:52 of 1st period - Mark McNeill wins face-off versus Greg Nemisz in Senators zone.
11:53 of 1st period - Snap shot by Tye McGinn.
11:53 of 1st period - Deflect By Jesse Blacker.
11:53 of 1st period - Stopped by Jean-Francois Berube with a rebound.
11:59 of 1st period - Snap shot by Jesse Blacker.
11:59 of 1st period - Stopped by Farm Player83 without a rebound.
12:00 of 1st period - Mark McNeill wins face-off versus Daine Todd in Sharks zone.
12:55 of 1st period - Jesse Blacker is hit by Louis Leblanc and loses puck.
13:14 of 1st period - Snap shot by Richard Panik.
13:14 of 1st period - Stopped by Jean-Francois Berube without a rebound.
13:15 of 1st period - Kyle Chipchura wins face-off versus Dominik Uher in Senators zone.
13:17 of 1st period - Minor Penalty to Mike Brown for Hooking.
13:18 of 1st period - Alexandre Bolduc wins face-off versus Emerson Etem in Senators zone.
13:32 of 1st period - Wrist shot by Kyle Chipchura.
13:32 of 1st period - Goal by Kyle Chipchura - Senators : 2 - Sharks : 0.
13:33 of 1st period - Alexandre Bolduc wins face-off versus Emerson Etem in neutral zone.
14:34 of 1st period - Emerson Etem is hit by J.C. Lipon and loses puck.
15:17 of 1st period - Penalty to Mike Brown is over, Mike Brown is back on ice.
15:27 of 1st period - Nicolas Deslauriers is hit by Mike Brown and loses puck.
16:21 of 1st period - David van der Gulik is hit by Steve Eminger and loses puck.
16:46 of 1st period - Backhand shot by Daine Todd.
16:46 of 1st period - Deflect By Greg Nemisz.
16:46 of 1st period - Shot Blocked by Joey Mormina.
16:46 of 1st period - Puck is out of play.
16:47 of 1st period - Mark McNeill wins face-off versus Daine Todd in Sharks zone.
16:47 of 1st period - Mark McNeill is hit by Daine Todd.
17:16 of 1st period - Slapshot by Nicolas Deslauriers.
17:16 of 1st period - Shot Misses the Net.
17:18 of 1st period - Slapshot by Mark Barberio.
17:18 of 1st period - Shot Misses the Net.
17:43 of 1st period - Louis Leblanc is hit by Colton Orr and loses puck.
18:35 of 1st period - Evan Trupp is hit by Michael Latta and loses puck.
18:44 of 1st period - Emerson Etem is hit by Alex Petrovic and loses puck.
19:01 of 1st period - Dominik Uher is hit by Korbinian Holzer and loses puck.
19:10 of 1st period - Dominik Uher is hit by Korbinian Holzer and loses puck.
19:17 of 1st period - Patrick McNeill is hit by Korbinian Holzer and loses puck.
19:37 of 1st period - Wrist shot by Martin St. Pierre.
19:37 of 1st period - Stopped by Farm Player83 with a rebound.
19:39 of 1st period - Slapshot by Jesse Blacker.
19:39 of 1st period - Deflect By Mark McNeill.
19:39 of 1st period - Stopped by Farm Player83 with a rebound.
19:41 of 1st period - Snap shot by Josh Leivo.
19:41 of 1st period - Deflect By Martin St. Pierre.
19:41 of 1st period - Shot Blocked by Mark McNeill.
19:41 of 1st period - Puck is out of play.
19:42 of 1st period - Martin St. Pierre wins face-off versus Mark McNeill in Sharks zone.
Goals for this period are 2 for Senators vs 0 for Sharks.
Shots for this period are 7 for Senators vs 4 for Sharks.

2nd period


0:01 of 2nd period - Alexandre Bolduc wins face-off versus Kyle Chipchura in neutral zone.
0:22 of 2nd period - Slapshot by Alexandre Bolduc.
0:22 of 2nd period - Shot Misses the Net.
1:14 of 2nd period - Nicolas Deslauriers beats up Colton Orr.
1:14 of 2nd period - Penalty to Nicolas Deslauriers for Fighting.
1:14 of 2nd period - Penalty to Colton Orr for Fighting.
1:15 of 2nd period - Michael Latta wins face-off versus Martin St. Pierre in Senators zone.
1:20 of 2nd period - Snap shot by Michael Latta.
1:20 of 2nd period - Stopped by Jean-Francois Berube with a rebound.
1:32 of 2nd period - Backhand shot by Michael Latta.
1:32 of 2nd period - Shot Misses the Net.
1:40 of 2nd period - Snap shot by David van der Gulik.
1:40 of 2nd period - Stopped by Jean-Francois Berube with a rebound.
1:42 of 2nd period - Snap shot by Michael Latta.
1:42 of 2nd period - Goal by Michael Latta - Senators : 2 - Sharks : 1.
1:43 of 2nd period - Mark McNeill wins face-off versus Kyle Chipchura in neutral zone.
2:04 of 2nd period - Wrist shot by Tye McGinn.
2:04 of 2nd period - Shot Misses the Net.
2:06 of 2nd period - Wrist shot by Tye McGinn.
2:06 of 2nd period - Shot Misses the Net.
2:45 of 2nd period - Daine Todd is hit by Alexandre Bolduc and loses puck.
2:52 of 2nd period - Snap shot by Alexandre Bolduc.
2:52 of 2nd period - Shot Blocked by Greg Pateryn.
3:34 of 2nd period - Minor Penalty to Dominik Uher for Tripping.
3:35 of 2nd period - Martin St. Pierre wins face-off versus Richard Panik in Sharks zone.
3:39 of 2nd period - Wrist shot by Martin St. Pierre.
3:39 of 2nd period - Stopped by Farm Player83 with a rebound.
3:41 of 2nd period - Slapshot by Josh Leivo.
3:41 of 2nd period - Shot Misses the Net.
4:03 of 2nd period - Snap shot by Josh Leivo.
4:03 of 2nd period - Shot Misses the Net.
4:56 of 2nd period - Tye McGinn is hit by Martin St. Pierre.
5:14 of 2nd period - Icing by Kyle Chipchura.
5:15 of 2nd period - Kyle Chipchura wins face-off versus Richard Panik in Senators zone.
5:34 of 2nd period - Penalty to Dominik Uher is over, Dominik Uher is back on ice.
5:42 of 2nd period - Dominik Uher is hit by Josh Leivo and loses puck.
6:03 of 2nd period - Greg Pateryn is hit by Alexandre Bolduc and loses puck.
6:26 of 2nd period - Off-side.
6:27 of 2nd period - Daine Todd wins face-off versus Michael Latta in neutral zone.
6:38 of 2nd period - Snap shot by Nicolas Deslauriers.
6:38 of 2nd period - Stopped by Jean-Francois Berube without a rebound.
6:39 of 2nd period - Dominik Uher wins face-off versus Daine Todd in Senators zone.
6:57 of 2nd period - Minor Penalty to Mike Halmo for Hooking.
6:58 of 2nd period - Martin St. Pierre wins face-off versus Richard Panik in Sharks zone.
8:09 of 2nd period - Tye McGinn is hit by Greg Pateryn and loses puck.
8:45 of 2nd period - Emerson Etem is hit by Alexandre Bolduc and loses puck.
8:52 of 2nd period - Jesse Blacker is hit by Nicolas Deslauriers and loses puck.
8:57 of 2nd period - Penalty to Mike Halmo is over, Mike Halmo is back on ice.
9:19 of 2nd period - Snap shot by Greg Nemisz.
9:19 of 2nd period - Shot Blocked by Patrick McNeill.
10:08 of 2nd period - Brendan Mikkelson is hit by Tyler Biggs and loses puck.
10:27 of 2nd period - Josh Leivo is hit by Michael Latta and loses puck.
10:41 of 2nd period - Off-side.
10:42 of 2nd period - Daine Todd wins face-off versus Mark McNeill in neutral zone.
11:11 of 2nd period - Mike Halmo is hit by Emerson Etem and loses puck.
11:30 of 2nd period - Minor Penalty to Louis Leblanc for Hooking.
11:31 of 2nd period - Martin St. Pierre wins face-off versus Richard Panik in Sharks zone.
12:10 of 2nd period - Snap shot by Kyle Chipchura.
12:10 of 2nd period - Stopped by Farm Player83 with a rebound.
12:54 of 2nd period - Snap shot by Mike Brown.
12:54 of 2nd period - Deflect By Emerson Etem.
12:54 of 2nd period - Goal by Emerson Etem - Senators : 3 - Sharks : 1.
12:55 of 2nd period - Daine Todd wins face-off versus Dominik Uher in neutral zone.
13:07 of 2nd period - Snap shot by Daine Todd.
13:07 of 2nd period - Shot Misses the Net.
13:09 of 2nd period - Backhand shot by David Broll.
13:09 of 2nd period - Shot Misses the Net.
13:11 of 2nd period - Snap shot by Jesse Blacker.
13:11 of 2nd period - Shot Misses the Net.
13:13 of 2nd period - Slapshot by Jesse Blacker.
13:13 of 2nd period - Shot Blocked by Joey Mormina.
13:49 of 2nd period - David van der Gulik is hit by Mike Brown and loses puck.
14:28 of 2nd period - Wrist shot by Tye McGinn.
14:28 of 2nd period - Deflect By J.C. Lipon.
14:28 of 2nd period - Shot Misses the Net.
14:28 of 2nd period - Puck is out of play.
14:29 of 2nd period - Mark McNeill wins face-off versus Evan Trupp in Senators zone.
15:09 of 2nd period - Michael Latta is hit by Daine Todd and loses puck.
16:27 of 2nd period - Snap shot by Nicolas Deslauriers.
16:27 of 2nd period - Deflect By Dominik Uher.
16:27 of 2nd period - Shot Misses the Net.
16:27 of 2nd period - Puck is out of play.
16:28 of 2nd period - Dominik Uher wins face-off versus Daine Todd in Senators zone.
18:05 of 2nd period - Mark McNeill is hit by Daine Todd and loses puck.
18:28 of 2nd period - Snap shot by Richard Panik.
18:28 of 2nd period - Stopped by Jean-Francois Berube with a rebound.
19:18 of 2nd period - Daine Todd is hit by Alexandre Bolduc and loses puck.
19:25 of 2nd period - Snap shot by J.C. Lipon.
19:25 of 2nd period - Shot Misses the Net.
Goals for this period are 1 for Senators vs 1 for Sharks.
Shots for this period are 3 for Senators vs 5 for Sharks.

3rd period


0:01 of 3rd period - Alexandre Bolduc wins face-off versus Emerson Etem in neutral zone.
0:09 of 3rd period - Wrist shot by Louis Leblanc.
0:09 of 3rd period - Shot Misses the Net.
0:11 of 3rd period - Snap shot by Mark Barberio.
0:11 of 3rd period - Stopped by Jean-Francois Berube with a rebound.
0:13 of 3rd period - Snap shot by Richard Panik.
0:13 of 3rd period - Stopped by Jean-Francois Berube with a rebound.
0:15 of 3rd period - Slapshot by Brendan Mikkelson.
0:15 of 3rd period - Shot Misses the Net.
0:17 of 3rd period - Wrist shot by Louis Leblanc.
0:17 of 3rd period - Stopped by Jean-Francois Berube with a rebound.
0:19 of 3rd period - Slapshot by Brendan Mikkelson.
0:19 of 3rd period - Stopped by Jean-Francois Berube with a rebound.
0:55 of 3rd period - Snap shot by Tye McGinn.
0:55 of 3rd period - Stopped by Jean-Francois Berube with a rebound.
1:08 of 3rd period - Slapshot by Tye McGinn.
1:08 of 3rd period - Deflect By Mark McNeill.
1:08 of 3rd period - Shot Blocked by Korbinian Holzer.
1:08 of 3rd period - Puck is out of play.
1:09 of 3rd period - Mark McNeill wins face-off versus David Broll in Senators zone.
1:18 of 3rd period - Snap shot by Nicolas Deslauriers.
1:18 of 3rd period - Deflect By Tye McGinn.
1:18 of 3rd period - Stopped by Jean-Francois Berube without a rebound.
1:19 of 3rd period - Dominik Uher wins face-off versus Daine Todd in Senators zone.
1:46 of 3rd period - Slapshot by Greg Pateryn.
1:46 of 3rd period - Stopped by Farm Player83 with a rebound.
1:48 of 3rd period - Slapshot by Jesse Blacker.
1:48 of 3rd period - Shot Misses the Net.
1:50 of 3rd period - Slapshot by Jesse Blacker.
1:50 of 3rd period - Stopped by Farm Player83 with a rebound.
2:25 of 3rd period - Slapshot by Brendan Mikkelson.
2:25 of 3rd period - Shot Misses the Net.
2:27 of 3rd period - Slapshot by Brendan Mikkelson.
2:27 of 3rd period - Stopped by Jean-Francois Berube with a rebound.
2:29 of 3rd period - Wrist shot by Tye McGinn.
2:29 of 3rd period - Shot Misses the Net.
2:31 of 3rd period - Wrist shot by Tye McGinn.
2:31 of 3rd period - Shot Blocked by Greg Pateryn.
2:33 of 3rd period - Slapshot by Mark Barberio.
2:33 of 3rd period - Deflect By Tye McGinn.
2:33 of 3rd period - Shot Misses the Net.
2:33 of 3rd period - Puck is out of play.
2:34 of 3rd period - Martin St. Pierre wins face-off versus Richard Panik in Senators zone.
3:05 of 3rd period - Wrist shot by Josh Leivo.
3:05 of 3rd period - Stopped by Farm Player83 without a rebound.
3:06 of 3rd period - Evan Trupp wins face-off versus J.C. Lipon in Sharks zone.
4:02 of 3rd period - Daine Todd is hit by Mark Barberio and loses puck.
4:42 of 3rd period - Patrick McNeill is hit by Colton Orr and loses puck.
4:51 of 3rd period - Minor Penalty to Greg Pateryn for Holding.
4:52 of 3rd period - Mark McNeill wins face-off versus Emerson Etem in Senators zone.
5:05 of 3rd period - Snap shot by Tye McGinn.
5:05 of 3rd period - Stopped by Jean-Francois Berube with a rebound.
5:15 of 3rd period - Wrist shot by Mark McNeill.
5:15 of 3rd period - Shot Misses the Net.
5:17 of 3rd period - Slapshot by Mark Barberio.
5:17 of 3rd period - Stopped by Jean-Francois Berube with a rebound.
5:19 of 3rd period - Wrist shot by Mark McNeill.
5:19 of 3rd period - Stopped by Jean-Francois Berube with a rebound.
5:21 of 3rd period - Slapshot by Tye McGinn.
5:21 of 3rd period - Shot Blocked by Korbinian Holzer.
5:23 of 3rd period - Slapshot by Patrick McNeill.
5:23 of 3rd period - Shot Misses the Net.
5:59 of 3rd period - Tyler Biggs is hit by Louis Leblanc and loses puck.
6:20 of 3rd period - Snap shot by Emerson Etem.
6:20 of 3rd period - Stopped by Farm Player83 with a rebound.
6:51 of 3rd period - Penalty to Greg Pateryn is over, Greg Pateryn is back on ice.
7:03 of 3rd period - Alex Petrovic is hit by Colton Orr.
7:40 of 3rd period - Off-side.
7:41 of 3rd period - Michael Latta wins face-off versus Daine Todd in neutral zone.
7:44 of 3rd period - Greg Nemisz is hit by Dominik Uher and loses puck.
8:15 of 3rd period - Snap shot by Daine Todd.
8:15 of 3rd period - Stopped by Farm Player83 without a rebound.
8:16 of 3rd period - Martin St. Pierre wins face-off versus Mark McNeill in Sharks zone.
8:25 of 3rd period - Wrist shot by Colton Orr.
8:25 of 3rd period - Goal by Colton Orr - Senators : 4 - Sharks : 1.
8:25 of 3rd period - Farm Player95 enters game.
8:26 of 3rd period - Daine Todd wins face-off versus Mark McNeill in neutral zone.
8:43 of 3rd period - Snap shot by Greg Nemisz.
8:43 of 3rd period - Goal by Greg Nemisz - Senators : 5 - Sharks : 1.
8:44 of 3rd period - Alexandre Bolduc wins face-off versus Kyle Chipchura in neutral zone.
8:51 of 3rd period - Wrist shot by Alexandre Bolduc.
8:51 of 3rd period - Stopped by Jean-Francois Berube with a rebound.
8:53 of 3rd period - Snap shot by Alexandre Bolduc.
8:53 of 3rd period - Shot Misses the Net.
8:55 of 3rd period - Snap shot by Louis Leblanc.
8:55 of 3rd period - Shot Misses the Net.
8:57 of 3rd period - Slapshot by Alexandre Bolduc.
8:57 of 3rd period - Shot Misses the Net.
8:59 of 3rd period - Snap shot by Richard Panik.
8:59 of 3rd period - Stopped by Jean-Francois Berube with a rebound.
9:01 of 3rd period - Snap shot by Louis Leblanc.
9:01 of 3rd period - Stopped by Jean-Francois Berube without a rebound.
9:02 of 3rd period - Alexandre Bolduc wins face-off versus Kyle Chipchura in Senators zone.
9:27 of 3rd period - Snap shot by Alexandre Bolduc.
9:27 of 3rd period - Deflect By Richard Panik.
9:27 of 3rd period - Stopped by Jean-Francois Berube with a rebound.
9:29 of 3rd period - Slapshot by Brendan Mikkelson.
9:29 of 3rd period - Shot Misses the Net.
10:09 of 3rd period - Snap shot by J.C. Lipon.
10:09 of 3rd period - Shot Misses the Net.
11:31 of 3rd period - Minor Penalty to Alex Petrovic for Hooking.
11:32 of 3rd period - Kyle Chipchura wins face-off versus Richard Panik in Sharks zone.
11:44 of 3rd period - Snap shot by Richard Panik.
11:44 of 3rd period - Stopped by Jean-Francois Berube with a rebound.
12:35 of 3rd period - Mark Barberio is hit by Josh Leivo and loses puck.
12:36 of 3rd period - Mark Barberio from Sharks is injured at 12:36 of 3rd period (Sprained Right Knee).
12:37 of 3rd period - Kyle Chipchura wins face-off versus Richard Panik in Sharks zone.
13:20 of 3rd period - Minor Penalty to Steve Eminger for High sticking.
13:21 of 3rd period - Richard Panik wins face-off versus Kyle Chipchura in Senators zone.
13:31 of 3rd period - Penalty to Alex Petrovic is over, Alex Petrovic is back on ice.
13:34 of 3rd period - Snap shot by Richard Panik.
13:34 of 3rd period - Shot Blocked by Greg Pateryn.
14:01 of 3rd period - Alexandre Bolduc is hit by Kyle Chipchura and loses puck.
14:08 of 3rd period - Wrist shot by Kyle Chipchura.
14:08 of 3rd period - Deflect By Emerson Etem.
14:08 of 3rd period - Goal by Emerson Etem - Senators : 6 - Sharks : 1.
14:09 of 3rd period - Mark McNeill wins face-off versus Emerson Etem in neutral zone.
14:20 of 3rd period - Slapshot by Nicolas Deslauriers.
14:20 of 3rd period - Shot Misses the Net.
14:42 of 3rd period - Slapshot by Kyle Chipchura.
14:42 of 3rd period - Goal by Kyle Chipchura - Senators : 7 - Sharks : 1.
14:43 of 3rd period - Alexandre Bolduc wins face-off versus Emerson Etem in neutral zone.
15:20 of 3rd period - Penalty to Steve Eminger is over, Steve Eminger is back on ice.
15:36 of 3rd period - Wrist shot by J.C. Lipon.
15:36 of 3rd period - Stopped by Jean-Francois Berube with a rebound.
15:55 of 3rd period - Off-side.
15:56 of 3rd period - Daine Todd wins face-off versus Mike Halmo in neutral zone.
15:58 of 3rd period - Korbinian Holzer is hit by Brendan Mikkelson.
15:59 of 3rd period - Michael Latta beats up Korbinian Holzer.
15:59 of 3rd period - Penalty to Michael Latta for Fighting.
15:59 of 3rd period - Penalty to Korbinian Holzer for Fighting.
16:00 of 3rd period - Martin St. Pierre wins face-off versus Alexandre Bolduc in Sharks zone.
16:01 of 3rd period - Snap shot by Colton Orr.
16:01 of 3rd period - Deflect By Josh Leivo.
16:01 of 3rd period - Shot Blocked by Brendan Mikkelson.
16:01 of 3rd period - Puck is out of play.
16:02 of 3rd period - Alexandre Bolduc wins face-off versus Martin St. Pierre in Sharks zone.
17:16 of 3rd period - Tye McGinn is hit by Steve Eminger and loses puck.
17:50 of 3rd period - Evan Trupp is hit by Dominik Uher.
18:22 of 3rd period - Off-side.
18:23 of 3rd period - Dominik Uher wins face-off versus Martin St. Pierre in neutral zone.
18:48 of 3rd period - Wrist shot by Tye McGinn.
18:48 of 3rd period - Stopped by Jean-Francois Berube with a rebound.
18:50 of 3rd period - Slapshot by Brendan Mikkelson.
18:50 of 3rd period - Shot Misses the Net.
18:52 of 3rd period - Slapshot by Joey Mormina.
18:52 of 3rd period - Shot Misses the Net.
18:54 of 3rd period - Slapshot by Brendan Mikkelson.
18:54 of 3rd period - Stopped by Jean-Francois Berube with a rebound.
19:26 of 3rd period - Wrist shot by Louis Leblanc.
19:26 of 3rd period - Stopped by Jean-Francois Berube with a rebound.
19:28 of 3rd period - Slapshot by Alexandre Bolduc.
19:28 of 3rd period - Shot Misses the Net.
19:30 of 3rd period - Slapshot by Joey Mormina.
19:30 of 3rd period - Deflect By Alexandre Bolduc.
19:30 of 3rd period - Shot Misses the Net.
19:30 of 3rd period - Puck is out of play.
19:31 of 3rd period - Dominik Uher wins face-off versus Kyle Chipchura in Senators zone.
19:32 of 3rd period - Backhand shot by David van der Gulik.
19:32 of 3rd period - Stopped by Jean-Francois Berube with a rebound.
19:34 of 3rd period - Slapshot by David van der Gulik.
19:34 of 3rd period - Stopped by Jean-Francois Berube with a rebound.
19:36 of 3rd period - Snap shot by Dominik Uher.
19:36 of 3rd period - Shot Misses the Net.
19:38 of 3rd period - Wrist shot by Dominik Uher.
19:38 of 3rd period - Stopped by Jean-Francois Berube without a rebound.
19:39 of 3rd period - Dominik Uher wins face-off versus Kyle Chipchura in Senators zone.
Goals for this period are 4 for Senators vs 0 for Sharks.
Shots for this period are 9 for Senators vs 22 for Sharks.


Output by the SimonT Hockey Simulator (STHS) for Eric Dolegowski -- Original Page W3C XHTML 1.0 Valid
Hockey Simulator - Hockey Simulation - Hockey Manager